Map: Pillars of Gold LE

Players

Massa

  • Race: Terran Terran
  • League: Platinum
  • Spawn Location: 7:00

Cake - Winner!

  • Race: Protoss Protoss
  • League: Silver
  • Spawn Location: 1:00

VOD

Have the link to the VOD?

Description

Time

  • Played on: Oct. 24, 2020, 3:32 p.m.
  • Length: 7:52
Show
View Real Time Build Order
Export as new Build Order

Massa Terran 

Build Orders: Reaper Expand 

Get SALT Encoding   

  12  0:00  SCV  
  13  0:12  SCV  
  14  0:18  Supply Depot  
  14  0:24  SCV  
  15  0:40  SCV  
  15  0:41  Barracks  
  16  0:47  Refinery  
  16  0:52  SCV  
  17  1:04  SCV  
  18  1:17  SCV  
  19  1:33  Reaper  
  19  1:35  Orbital Command  
  20  1:50  Command Center  
  21  2:01  SCV  
  21  2:05  Marine  
  22  2:09  Supply Depot  
  22  2:13  SCV  
  23  2:21  Factory  
  23  2:38  SCV  
  23  2:43  Engineering Bay  
  24  2:51  Barracks Reactor  
  24  2:55  Supply Depot  
  23  3:27  Orbital Command  
  23  3:29  SCV  
  23  3:31  Marine  
  23  3:32  Marine  
  23  3:33  Factory Reactor  
  26  3:41  SCV, Bunker  
  27  3:44  Missile Turret  
  27  3:48  Barracks  
  27  3:49  Marine x2  
  27  3:53  Starport, SCV  
  30  3:57  SCV  
  31  4:05  SCV  
  31  4:09  SCV  
  33  4:11  Supply Depot  
  33  4:14  Marine x2  
  35  4:17  SCV  
  35  4:19  Widow Mine  
  35  4:21  Widow Mine, SCV  
  41  4:29  SCV  
  41  4:30  Medivac  
  44  4:32  Marine x2  
  44  4:33  SCV  
  44  4:35  Barracks Tech Lab  
  47  4:40  Widow Mine  
  47  4:42  Missile Turret  
  47  4:43  SCV  
  50  4:46  Widow Mine, SCV  
  50  4:55  SCV  
  48  5:04  Marine x2  
  48  5:06  Marauder  
  44  5:16  Widow Mine  
  44  5:22  Marine x2  
  44  5:28  Marauder  
  42  5:40  Marine x2  
  40  5:49  Marine  
  39  5:57  Marine  
  39  5:58  Marine  
  39  6:00  Hellion  
  39  6:01  Hellion  
  43  6:06  Marine  
  42  6:15  Marine x2  
  36  6:22  Hellion, Bunker  
  36  6:24  Marine  
  31  6:27  Orbital Command  
  31  6:29  Widow Mine  
  33  6:33  Marine  
  33  6:38  Marine  
  27  6:42  Marine  
  27  6:43  Widow Mine, Barracks  
  23  6:51  Widow Mine, Marine  
  23  6:56  Marine  
  23  7:00  Marine  
  24  7:05  Widow Mine  
  21  7:08  Orbital Command  
  21  7:09  Marine  
  21  7:12  Widow Mine  
  21  7:13  Marine  
Show
View Real Time Build Order
Export as new Build Order

Cake Protoss - Winner!

Build Orders: Blink Stalkers 

Get SALT Encoding   

  12  0:00  Probe  
  13  0:12  Probe  
  14  0:18  Pylon  
  14  0:24  Probe  
  15  0:37  Gateway  
  15  0:40  Probe (Chrono Boost)  
  17  0:51  Probe (Chrono Boost)  
  17  0:52  Assimilator  
  17  0:56  Probe (Chrono Boost)  
  18  1:07  Probe  
  19  1:12  Assimilator  
  19  1:27  Cybernetics Core  
  19  1:43  Probe (Chrono Boost)  
  20  1:53  Probe (Chrono Boost)  
  21  1:57  Pylon  
  21  1:58  Probe (Chrono Boost)  
  22  2:09  Probe  
  23  2:16  Twilight Council  
  23  2:17  Gateway  
  23  2:20  Gateway  
  23  2:21  Warp Gate  
  22  2:25  Probe  
  23  2:37  Probe  
  23  2:42  Stalker  
  26  2:47  Blink (Chrono Boost)  
  26  3:07  Gateway  
  25  3:36  Pylon  
  25  3:53  Pylon  
  25  4:00  Pylon  
  25  4:09  Stalker x3  
  31  4:10  Stalker  
  32  4:33  Stalker x3  
  32  4:34  Stalker  
  30  5:16  Stalker  
  30  5:18  Stalker x3  
  38  5:48  Stalker x4  
  38  6:17  Stalker x4  
  42  6:49  Stalker x4  
  48  7:23  Stalker x3  
Tags
 
Add a new tag
Caveats
  • Supply blocks, unpowered buildings, or Contaminate may cause inaccurate times.
  • Supply counts are checked every 10 seconds.